 Dungeon Crawl Stone Soup version 0.14-a0-2618-g5301534 (webtiles) character file.

1058 Kae the Insei (level 7, -1/52 HPs)
             Began as a Red Draconian Transmuter on Feb 14, 2014.
             Was an Initiate of Sif Muna.
             Slain by a sky beast (5 damage)
             ... on Level 6 of the Dungeon.
             The game lasted 00:05:50 (5467 turns).

Kae the Insei (Red Draconian Transmuter)            Turns: 5467, Time: 00:05:50

HP  -1/52        AC  7     Str 12      XL: 7   Next: 68%
MP  11/12        EV 12     Int 14      God: Sif Muna [......]
Gold 211         SH  0     Dex 13      Spells:  3 memorised,  4 levels left

rFire  + + .     SeeInvis .       - Unarmed
rCold  . . .     Clarity  .     (armour unavailable)
rNeg   . . .     Conserve .     (no shield)
rPois  .         rCorr    .     (helmet restricted)
rElec  .         rRot     .     e - +0 cloak
SustAb . .       Spirit   .     (no gloves)
rMut   .         Warding  .     (no boots)
Saprov . . .     Stasis   .     (no amulet)
MR     .....                    x - cursed ring of sustenance
                                l - ring of protection from fire

@: appendage, mildly poisoned, not resistant to hostile enchantments, unstealthy
A: breathe fire, unfitting armour, horns 2, fire resistance 1, AC +6
a: Breathe Fire, End Transformation, Renounce Religion


You were on level 6 of the Dungeon.
You worshipped Sif Muna.
Sif Muna was noncommittal.
You were not hungry.
You had grown temporary horns.
You visited 2 branches of the dungeon, and saw 7 of its levels.

You collected 211 gold pieces.

Inventory:

Missiles
 b - 43 arrows
 s - 22 arrows of frost
Armour
 e - a +0 cloak (worn)
Comestibles
 a - 6 bread rations
 k - 4 pears
 o - 3 meat rations
Scrolls
 f - 2 scrolls of remove curse {unknown}
 i - 4 scrolls of identify
 m - 2 scrolls of immolation
 p - a scroll of magic mapping
Jewellery
 l - a ring of protection from fire (left hand)
 x - a cursed ring of sustenance (right hand)
Potions
 c - 2 potions of curing
 g - 4 potions of mutation
 h - a potion of restore abilities
 j - a potion of lignification {unknown}
 n - a potion of magic {unknown}
 q - a potion of degeneration {unknown}
 u - a potion of flight {unknown}
 w - a potion of might {unknown}
Books
 d - a book of Changes

   Spells                             Type                      Level
   *Beastly Appendage                 Transmutation                1
   *Sticks to Snakes                  Transmutation                2
   *Spider Form                       Transmutation/Poison         3
   Ice Form                           Ice/Transmutation            4
   Blade Hands                        Transmutation                5


   Skills:
 - Level 1.1 Fighting
 - Level 1.7 Dodging
 * Level 7.9 Unarmed Combat
 - Level 2.0 Spellcasting
 + Level 5.1 Transmutations


You had 4 spell levels left.
You knew the following spells:

 Your Spells              Type           Power        Failure   Level  Hunger
a - Beastly Appendage     Trmt           ###...       2%          1    ##.....
b - Sticks to Snakes      Trmt           ###.......   4%          2    ###....
c - Spider Form           Trmt/Pois      #.........   24%         3    ####...


Dungeon Overview and Level Annotations

Branches:
Dungeon (6/16)             Temple (1/1) D:5

Altars:
Ashenzari
Cheibriados
Dithmenos
Elyvilon
Fedhas
Kikubaaqudgha
Makhleb
Nemelex Xobeh
Okawaru
Sif Muna
Trog
Vehumet
Xom
Yredelemnul
Zin
The Shining One


Innate Abilities, Weirdness & Mutations

You can breathe blasts of fire.*
Your fiery red scales are hard (AC +6).*
Your body does not fit into most forms of armour.
Your cold-blooded metabolism reacts poorly to cold.
Your flesh is heat resistant.*
You have a pair of horns on your head.*


Message History

You hit something. Something hits you but does no damage.
You miss something. You miss something.
Your tail-slap misses something.
Something hits you but does no damage.
You closely miss something.
Your tail-slap misses something.
You feel sick. Something hits you but does no damage.
Unknown command.
You hit something but do no damage.
A sky beast appears from thin air!
Reactivating autopickup.
The sky beast hits you. The sky beast shocks you.
* * * LOW HITPOINT WARNING * * *
Unknown command.
Casting: Beastly Appendage
Confirm with . or Enter, or press ? or * to list all spells.
You grow a pair of large bovine horns.
The sky beast hits you.
* * * LOW HITPOINT WARNING * * *
The sky beast shocks you!
* * * LOW HITPOINT WARNING * * *
The sky beast hits you.
You die...

......................
.......................
...)......(.............
.........................
...........(.............
....≈≈≈....(............<
.....≈≈;.................<
.....≈≈{....)............<
........I@................
..........................
.................[.......
...............).........
.........................
≈≈{....................#
≈≈...................##
≈..................##
...............##


You could see a sky beast and a big fish.

Vanquished Creatures
  The ghost of Kae the Insei, an average DrTm (D:5)
  A centaur (D:6)
  An ogre (D:4)
  A jellyfish (D:6)
  A crimson imp (D:5)
  A giant frog zombie (D:6)
  An orc wizard (D:4)
  2 scorpions (D:4)
  3 worker ants
  3 gnolls (D:5)
  An orc zombie (D:5)
  2 adders
  6 giant mites
  2 worms
  An orc skeleton (D:4)
  An adder skeleton (D:4)
  4 giant geckos
  An ooze (D:4)
  3 orcs (D:4)
  14 bats
  5 giant cockroaches
  13 goblins
  10 hobgoblins
  7 jackals
  11 kobolds
  2 quokkas (D:5)
  2 ball pythons
  6 giant newts
  A giant newt skeleton (D:5)
  5 rats
  2 rat skeletons
114 creatures vanquished.

Notes
Turn   | Place    | Note
--------------------------------------------------------------
     0 | D:1      | Kae, the Draconian Transmuter, began the quest for the Orb.
     0 | D:1      | Reached XP level 1. HP: 16/16 MP: 3/3
   112 | D:1      | Reached XP level 2. HP: 12/23 MP: 4/4
   880 | D:2      | Reached skill level 4 in Unarmed Combat
   880 | D:2      | Reached XP level 3. HP: 17/28 MP: 6/6
  1834 | D:3      | Reached XP level 4. HP: 16/35 MP: 7/7
  2212 | D:3      | Found a burning altar of Makhleb.
  2612 | D:4      | Reached skill level 5 in Unarmed Combat
  2912 | D:4      | Reached XP level 5. HP: 29/40 MP: 9/9
  3488 | D:4      | Noticed an ogre
  3498 | D:4      | Killed an ogre
  3498 | D:4      | Reached skill level 6 in Unarmed Combat
  3498 | D:4      | Reached XP level 6. HP: 15/47 MP: 8/10
  3926 | D:5      | Entered Level 5 of the Dungeon
  4286 | D:5      | Noticed Kae's ghost (average DrTm)
  4303 | D:5      | Learned a level 2 spell: Sticks to Snakes
  4307 | D:5      | Learned a level 3 spell: Spider Form
  4340 | D:5      | Killed Kae's ghost
  4340 | D:5      | Reached skill level 7 in Unarmed Combat
  4340 | D:5      | Your scales start taking on a fiery red colour.
  4340 | D:5      | Gained mutation: Your flesh is heat resistant. [draconian maturity]
  4340 | D:5      | Reached XP level 7. HP: 43/52 MP: 12/12
  4530 | D:5      | Found a staircase to the Ecumenical Temple.
  4682 | Temple   | Entered the Ecumenical Temple
  4801 | Temple   | Became a worshipper of Sif Muna the Loreminder
  5443 | D:6      | Reached skill level 5 in Transmutations
  5467 | D:6      | Slain by a sky beast

Action                   |  1- 3 |  4- 6 |  7- 9 || total
-------------------------+-------+-------+-------++-------
Melee: Unarmed           |   182 |   244 |    62 ||   488
 Cast: Beastly Appendage |     2 |     5 |     3 ||    10
 Abil: Breathe Fire      |       |       |     2 ||     2
  Use: Potion            |     1 |       |       ||     1
       Scroll            |       |    10 |       ||    10
 Stab: Sleeping          |       |     1 |       ||     1
